Map: King Sejong Station LE

Players

blackxored - Winner!

  • Race: Zerg Zerg
  • League: Platinum

Purjeheart

  • Race: Terran Terran
  • League: Diamond

VOD

Have the link to the VOD?

Description

Time

  • Played on: June 30, 2016, 4:45 a.m.
  • Length: 7:07
Show
View Real Time Build Order
Export as new Build Order

blackxored Zerg - Winner!

Build Orders: Hatch First 

Get SALT Encoding   

  12  0:01  Drone  
  13  0:08  Drone  
  14  0:17  Overlord  
  14  0:22  Extractor  
  14  0:23  Drone  
  15  0:37  Drone  
  15  0:38  Drone  
  17  0:53  Hatchery  
  17  0:56  Drone  
  17  0:58  Drone  
  18  1:11  Extractor  
  17  1:14  Spawning Pool  
  17  1:17  Drone  
  17  1:19  Drone  
  18  1:27  Drone  
  19  1:38  Overlord  
  19  1:49  Drone  
  20  2:01  Queen  
  20  2:02  Zergling x2  
  20  2:06  Queen  
  20  2:07  Zergling x2  
  26  2:12  Metabolic Boost, Zergling x2  
  27  2:22  Spine Crawler  
  25  2:25  Roach Warren  
  25  2:29  Zergling x2  
  24  2:32  Zergling x2  
  24  2:35  Zergling x2  
  25  2:46  Zergling x6  
  25  3:02  Zergling x6  
  28  3:07  Roach  
  28  3:12  Zergling x4  
  29  3:22  Roach  
  29  3:23  Roach  
  29  3:30  Roach  
  29  3:36  Roach  
  29  3:41  Roach  
  29  3:45  Ravager  
  32  3:53  Roach  
  34  3:58  Roach  
  34  4:01  Overlord  
  36  4:09  Overlord  
  36  4:23  Ravager  
  37  4:25  Zergling x8  
  37  4:27  Zergling x2  
  37  4:30  Zergling x2  
  43  4:38  Roach  
  45  4:44  Drone  
  43  4:58  Roach x2  
  39  5:15  Roach x2  
  32  5:23  Roach  
  32  5:31  Roach  
  34  5:38  Roach  
  34  5:39  Zergling x8  
  34  5:40  Zergling x2  
  41  5:45  Queen  
  43  5:54  Roach  
  44  6:09  Roach x2  
  47  6:15  Roach  
  48  6:24  Roach  
  49  6:31  Roach  
  51  6:32  Zergling x2  
  51  6:34  Overlord  
  47  6:46  Roach  
Show
View Real Time Build Order
Export as new Build Order

Purjeheart Terran 

Build Orders:  

Get SALT Encoding   

  12  0:01  SCV  
  14  0:17  Supply Depot  
  14  0:19  SCV  
  14  0:48  Barracks  
  14  0:49  Barracks  
  14  0:52  SCV  
  15  1:04  SCV  
  16  1:16  SCV  
  17  1:37  Marine x2, Barracks  
  19  1:40  Barracks  
  19  1:52  Supply Depot  
  19  1:54  Marine  
  19  1:55  Marine  
  21  2:12  Marine x2  
  23  2:16  Supply Depot  
  23  2:29  Marine x2  
  25  2:30  Marine x2  
  25  2:31  Barracks  
  27  2:47  Marine x2  
  26  2:56  Marine x2  
  27  3:05  Marine x2  
  29  3:13  Marine  
  29  3:14  Marine  
  30  3:22  Marine  
  25  3:41  Marine x5  
  25  3:49  Barracks  
  25  3:58  Marine  
  25  3:59  Marine x2  
  25  4:01  Refinery  
  28  4:03  Supply Depot  
  28  4:09  Marine x2  
  30  4:16  Marine x2  
  32  4:22  Marine  
  33  4:26  Marine  
  33  4:27  Marine  
  35  4:35  Marine x2  
  37  4:38  Marine  
  37  4:40  Marine  
  39  4:51  Marine x2  
  39  4:53  Marine  
  39  4:59  Marine x2  
  17  5:29  Marine  
  17  5:30  Marine x5  
  21  5:47  Marine x2  
  21  5:48  Marine x2  
  25  5:51  Marine  
  26  6:05  Marine x2  
  29  6:16  Marine  
  29  6:23  Marine  
  28  6:38  Marine  
Tags
 
Add a new tag
Caveats
  • Supply blocks, unpowered buildings, or Contaminate may cause inaccurate times.
  • Supply counts are checked every 10 seconds.